 Dungeon Crawl Stone Soup version 0.29.1-15-g9cfb28693d (webtiles) character file.

Game seed: 14935877506643377173

1507 Peloso the Covered (level 8, 0/64 (71) HPs)
             Began as a Minotaur Fighter on Feb 26, 2023.
             Slain by an orc warrior
             ... wielding a +0 hand axe
              (13 damage)
             ... on level 6 of the Dungeon.
             The game lasted 00:09:15 (4805 turns).

Peloso the Covered (Minotaur Fighter)               Turns: 4805, Time: 00:09:15

HP:   0/64 (71)     AC:  8    Str: 21    XL:     8   Next: 53%
MP:   7/7           EV: 10    Int:  5    God:
Gold: 311           SH:  5    Dex: 12    Spells: 7/7 levels left

rFire   . . .      SeeInvis .   a - +4 falchion
rCold   . . .      Faith    .   d - +0 buckler
rNeg    . . .      Spirit   .   z - +0 scale mail
rPois   +          Reflect  .   (helmet restricted)
rElec   .          Harm     .   (no cloak)
rCorr   .          Rampage  .   (no gloves)
Will    .....                   (no boots)
Stlth   ..........              x - amulet of regeneration
HPRegen 1.00/turn               l - ring of poison resistance
MPRegen 0.10/turn               (no ring)

@: drained
A: horns 2, retaliatory headbutt
a: no special abilities


You were on level 6 of the Dungeon.
You visited 1 branch of the dungeon, and saw 6 of its levels.

You collected 311 gold pieces.

Inventory:

Hand Weapons
 a - a +4 falchion (weapon)
 b - a +2 whip of flaming
Missiles
 n - a throwing net (quivered)
Armour
 d - a +0 buckler (worn)
 z - a +0 scale mail (worn)
Jewellery
 c - a ring of ice
 l - a ring of poison resistance (left hand)
 x - an amulet of regeneration (around neck)
 A - a ring of see invisible
Wands
 w - a wand of polymorph (7)
Scrolls
 f - 2 scrolls of teleportation
 i - 4 scrolls of fear {unknown}
 p - 3 scrolls of brand weapon {unknown}
 r - a scroll of vulnerability {unknown}
 t - a scroll of amnesia {unknown}
 u - a scroll of fog {unknown}
 v - a scroll of enchant weapon {unknown}
 y - a scroll of noise
Potions
 e - 3 potions of brilliance
 h - a potion of might
 j - 2 potions of curing
 k - 2 potions of flight
 m - a potion of lignification {unknown}
 q - 3 potions of berserk rage {unknown}
 s - a potion of cancellation {unknown}


   Skills:
 + Level 6.3 Fighting
 + Level 7.5 Long Blades
 + Level 7.8 Armour
 + Level 3.0 Dodging
 + Level 1.3 Stealth
 + Level 5.6 Shields


You had 7 spell levels left.
You didn't know any spells.
Your spell library contained the following spells:

 Spells                   Type           Power      Damage    Failure   Level
 Ensorcelled Hibernation  Hex/Ice        0%         N/A       94%         2
 Passwall                 Tmut/Erth      0%         N/A       94%         2
 Spider Form              Tmut/Pois      0%         N/A       99%         3
 Swiftness                Air            0%         N/A       99%         3
 Anguish                  Hex/Necr       0%         N/A       100%        4
 Fulminant Prism          Conj/Hex       0%         3d6       100%        4
 Iskenderun's Mystic Bla  Conj/Tloc      0%         2d3       100%        4
 Lee's Rapid Deconstruct  Erth           0%         3d5*      100%        5


Dungeon Overview and Level Annotations

Branches:
Dungeon (6/15)
 Temple: D:4-7

Altars:
Okawaru
Vehumet
Wu Jian
The Shining One


Innate Abilities, Weirdness & Mutations

You have a pair of horns on your head.
You reflexively headbutt those who attack you in melee.


Message History

The orc priest is almost dead.
The orc warrior hits you with a +0 hand axe.
The orc priest calls upon Beogh to heal the orc warrior.
The orc warrior is healed somewhat.
Unknown command.
You barely miss the orc priest.
The orc priest is almost dead.
The orc warrior hits you with a +0 hand axe!
The orc priest barely misses you. You furiously retaliate!
You headbutt the orc priest, but do no damage.
Unknown command.
You hit the orc priest.
You kill the orc priest!
You block the orc warrior's attack.
Unknown command.
You completely miss the orc warrior.
The orc warrior is lightly wounded.
The orc warrior misses you.
You slash the orc warrior!
The orc warrior is heavily wounded.
The orc warrior misses you.
You hit the orc warrior but do no damage.
You headbutt the orc warrior.
The orc warrior is heavily wounded.
The orc warrior hits you with a +0 hand axe!
* * * LOW HITPOINT WARNING * * *
You hit the orc warrior but do no damage.
The orc warrior is heavily wounded.
The orc warrior barely misses you.
You hit the orc warrior.
The orc warrior is severely wounded.
The orc warrior hits you with a +0 hand axe.
* * * LOW HITPOINT WARNING * * *
You barely miss the orc warrior.
The orc warrior is severely wounded.
You completely miss the orc warrior.
You headbutt the orc warrior, but do no damage.
The orc warrior is severely wounded.
The orc warrior hits you with a +0 hand axe!
You die...

....................
................"...
....##.....##....###
....##.....#######
............#...####
............))...PP####
............#....~P..~.
...##.....##..>.......
. ##########@.P..P..
#<.[o)P.~P~#
#.....~.P### #....#####
#....# #...... ##......
#..)...# ........


You could see an orc warrior.

Vanquished Creatures
  Pikel (D:5)
  2 ice beasts
  A centaur (D:5)
  4 lemures
  A phantom (D:4)
  2 scorpions (D:5)
  5 wights
  A jelly (D:5)
  A hound (D:5)
  A gnoll bouda (D:5)
  An orc priest (D:6)
  2 iguanas (D:5)
  An orc wizard (D:6)
  An adder (D:5)
  5 gnolls
  A white imp (D:5)
  An ufetubus (D:4)
  A dart slug (D:2)
  7 orcs
  5 bats
  6 endoplasms
  6 giant cockroaches
  6 goblins
  3 hobgoblins
  4 kobolds
  2 quokkas (D:1)
  5 ball pythons
  4 frilled lizards
  6 rats
86 creatures vanquished.

Vanquished Creatures (others)
  A plant (D:4)
1 creature vanquished.

Grand Total: 87 creatures vanquished

Notes
Turn   | Place    | Note
-------+----------+-------------------------------------------
     0 | D:1      | Peloso the Minotaur Fighter began the quest for the Orb.
     0 | D:1      | Reached XP level 1. HP: 19/19 MP: 0/0
    39 | D:1      | Found a faded altar of an unknown god.
   303 | D:1      | Reached XP level 2. HP: 27/27 MP: 1/1
  1331 | D:2      | You fall into a shaft and drop 1 floor!
  1394 | D:2      | Reached XP level 3. HP: 33/33 MP: 2/2
  2133 | D:4      | Found an ornate altar of the Wu Jian Council.
  2466 | D:4      | Noticed a phantom
  2490 | D:4      | Killed a phantom
  2491 | D:4      | Reached skill level 1 in Dodging
  2491 | D:4      | Reached XP level 4. HP: 14/41 MP: 3/3
  2787 | D:4      | Found a glowing golden altar of the Shining One.
  2791 | D:4      | Found an iron altar of Okawaru.
  3117 | D:3      | Found a radiant altar of Vehumet.
  3197 | D:3      | Reached XP level 5. HP: 30/47 MP: 4/4
  3650 | D:5      | Entered Level 5 of the Dungeon
  3666 | D:5      | Reached skill level 5 in Armour
  3680 | D:5      | Noticed a lemure
  3680 | D:5      | Noticed a lemure
  3680 | D:5      | Noticed a lemure
  3698 | D:4      | Killed a lemure
  3713 | D:4      | Killed a lemure
  3731 | D:5      | Noticed an ice beast
  3736 | D:4      | Killed a lemure
  3856 | D:4      | Killed an ice beast
  3857 | D:4      | Reached XP level 6. HP: 49/55 MP: 5/5
  3881 | D:5      | Noticed Pikel
  3893 | D:5      | Killed Pikel
  3894 | D:5      | Reached skill level 5 in Fighting
  3894 | D:5      | Reached skill level 5 in Long Blades
  3894 | D:5      | Reached skill level 1 in Stealth
  3894 | D:5      | Reached skill level 5 in Shields
  3894 | D:5      | Reached XP level 7. HP: 42/61 MP: 6/6
  4141 | D:5      | Reached XP level 8. HP: 70/70 MP: 7/7
  4794 | D:6      | HP: 3/63 [orc warrior/+0 hand axe (4)]
  4805 | D:6      | Slain by an orc warrior

Illustrated notes

Levels and vault maps discovered:
D:1:      ebering_hopf_link, layout_basic, nicolae_ecumenical_lake_church
D:2:      layout_basic, serial_forest, infiniplex_forest_lined_room_,
          infiniplex_forest_diagonal, infiniplex_forest_straight_4,
          infiniplex_forest_clump_tiny, infiniplex_forest_straight_5,
          infiniplex_forest_straight_3, infiniplex_forest_clump_diagonal,
          kennysheep_generic_room_6
D:3:      layout_loops_cross, nicolae_vehumet_radiance, minmay_starry_boxes
D:4:      layout_cave_pools, gammafunk_temple_overflow_forgotten
D:5:      layout_loops_ring, uniq_pikel
D:6:      kennysheep_steamy, layout_gridville, minitemple,
          nicolae_qazlal_eye_of_the_storm, minmay_tree_intersection

Skill      XL: |  1  2  3  4  5  6  7  8 |
---------------+-------------------------+-----
Fighting       | 4 5 6 |  6.3
Armour         | 4 5 6 7 |  7.8
Shields        | 4 5 |  5.6
Long Blades    | 3 4 5 6 7 |  7.5
Dodging        | 1 2 3 |  3.0
Stealth        | 1 |  1.3

Action                   |  1- 3 |  4- 6 |  7- 9 || total
-------------------------+-------+-------+-------++-------
Melee: Long sword        |   129 |    82 |    90 ||   301
       Headbutt          |    12 |    16 |    26 ||    54
       Falchion          |       |       |    19 ||    19
  Use: Scroll            |     6 |       |     2 ||     8
       Potion            |       |       |     1 ||     1
Armor: Scale mail        |    78 |    36 |    26 ||   140
Dodge: Dodged            |    72 |    34 |    50 ||   156
Block: Buckler           |    35 |    21 |    29 ||    85
